Map: Heavy Artillery LE

Players

qqq - Winner!

  • Race: Zerg Zerg
  • Spawn Location: 7:00

Massa - Winner!

  • Race: Terran Terran
  • League: Platinum
  • Spawn Location: 7:00

Talbotstraat

  • Race: Terran Terran
  • League: Platinum
  • Spawn Location: 3:00

bigdaddy

  • Race: Protoss Protoss
  • Spawn Location: 1:00

VOD

Have the link to the VOD?

Description

Time

  • Played on: Oct. 3, 2020, 6:18 p.m.
  • Length: 22:44
Show
View Real Time Build Order
Export as new Build Order

qqq Zerg - Winner!

Build Orders: Hatch First, Swarm Host 

Get SALT Encoding   

  12  0:06  Drone  
  13  0:11  Drone  
  14  0:35  Hatchery  
  13  0:39  Drone  
  14  0:58  Spawning Pool  
  14  1:03  Overlord  
  13  1:08  Drone  
  14  1:13  Extractor  
  14  1:16  Drone  
  14  1:30  Drone x2  
  16  1:45  Drone  
  17  1:58  Drone x2  
  17  1:59  Drone x2  
  21  2:09  Extractor  
  21  2:11  Drone  
  21  2:12  Queen  
  23  2:23  Drone  
  23  2:25  Metabolic Boost  
  24  2:34  Queen  
  24  2:35  Drone  
  27  2:37  Overlord  
  27  2:41  Drone  
  28  2:52  Overlord  
  28  2:56  Drone x2  
  28  2:57  Zergling x2  
  31  3:02  Lair  
  31  3:06  Zergling x2  
  31  3:07  Drone  
  33  3:16  Zergling x2  
  34  3:21  Drone, Roach Warren  
  34  3:24  Zergling x4  
  36  3:28  Drone  
  36  3:31  Drone  
  36  3:32  Zergling x2  
  39  3:41  Zergling x2  
  40  3:42  Drone  
  40  3:44  Drone x3  
  44  3:49  Overlord  
  44  4:05  Extractor, Overlord  
  43  4:10  Extractor  
  43  4:11  Extractor  
  43  4:12  Drone x3  
  43  4:14  Drone  
  45  4:17  Drone x3  
  48  4:25  Infestation Pit  
  48  4:27  Drone x2  
  48  4:28  Nydus Network  
  48  4:30  Drone  
  49  4:37  Drone  
  50  4:42  Spore Crawler  
  50  4:43  Queen  
  50  4:44  Drone  
  52  4:58  Drone  
  52  4:59  Drone x2  
  55  5:01  Hydralisk Den, Roach  
  55  5:02  Overlord  
  55  5:04  Drone x2  
  58  5:13  Spore Crawler  
  57  5:26  Drone  
  58  5:30  Spore Crawler  
  58  5:32  Drone x3  
  60  5:41  Swarm Host x2  
  66  5:43  Overlord  
  66  5:53  Hatchery  
  65  6:01  Swarm Host x3  
  65  6:03  Overlord  
  65  6:04  Overlord  
  74  6:20  Grooved Spines  
  74  6:23  Evolution Chamber, Swarm Host x3  
  74  6:25  Hydralisk  
  84  6:27  Drone  
  85  6:33  Queen  
  85  6:37  Hatchery  
  86  6:51  Hydralisk x3  
  87  7:05  Nydus Canal  
  87  7:14  Hydralisk  
  89  7:16  Overlord x5  
  89  7:17  Drone  
  90  7:31  Muscular Augments  
  90  7:41  Spore Crawler  
  90  7:42  Spore Crawler  
  88  7:45  Spore Crawler  
  80  7:58  Drone  
  80  7:59  Drone x2  
  80  8:01  Drone x3  
  80  8:05  Hydralisk x4  
  94  8:12  Nydus Network  
  94  8:13  Zerg Missile Weapons Level 1  
  94  8:16  Swarm Host  
  94  8:18  Drone  
  94  8:54  Overseer  
  94  8:55  Pneumatized Carapace  
  94  8:56  Drone x3  
  94  8:58  Hydralisk x5, Swarm Host  
  94  8:59  Hydralisk x2  
  114  9:06  Nydus Canal  
  114  9:17  Drone, Hydralisk x2  
  114  9:18  Hydralisk x2  
  119  9:49  Hydralisk x4  
  119  9:50  Hydralisk  
  128  10:07  Zerg Ground Armor Level 1  
  128  10:10  Queen  
  128  10:13  Overlord x4  
  128  10:14  Overlord x3  
  130  10:36  Nydus Canal  
  130  10:40  Hatchery  
  126  10:42  Drone  
  126  10:43  Drone x2, Hydralisk x3  
  126  10:44  Hydralisk x2  
  126  10:45  Hydralisk x2  
  138  11:19  Drone  
  138  11:20  Drone x2  
  138  11:21  Hydralisk x4  
  138  11:22  Hydralisk x2  
  153  11:27  Hive  
  151  12:02  Zerg Melee Weapons Level 1  
  149  12:13  Swarm Host  
  149  12:14  Hydralisk, Swarm Host  
  149  12:15  Hydralisk x3  
  161  12:16  Drone x2  
  161  12:17  Drone x4  
  169  12:35  Nydus Canal  
  169  12:38  Drone  
  169  12:39  Drone x3, Hatchery, Hydralisk x2  
  169  12:40  Hydralisk  
  178  12:57  Hatchery  
  155  13:47  Swarm Host x4  
  155  13:48  Swarm Host  
  158  14:22  Swarm Host x4  
  167  14:58  Drone x6  
  167  14:59  Hydralisk  
  175  15:26  Nydus Canal  
  175  15:28  Drone  
  176  15:31  Overlord x3  
  176  15:32  Overlord x8  
  176  15:33  Overlord x3  
  176  15:36  Extractor  
  176  15:37  Extractor  
  176  15:38  Hatchery  
  173  15:53  Hatchery  
  172  16:03  Zerg Ground Armor Level 2  
  172  16:27  Hydralisk  
  172  16:28  Hydralisk x5  
  172  16:29  Drone x2  
  172  16:30  Drone x4  
  190  16:50  Nydus Canal  
  190  17:19  Drone x4  
  194  17:27  Nydus Canal  
  185  17:30  Drone x3  
  185  17:32  Drone  
  188  17:41  Lurker Den  
  188  17:43  Drone  
  188  17:48  Spine Crawler x2  
  186  18:00  Ultralisk Cavern  
  177  18:18  Zerg Melee Weapons Level 2, Zergling x10  
  177  18:19  Drone  
  184  18:20  Drone x5  
  188  18:35  Drone  
  188  18:40  Nydus Canal  
  189  18:42  Drone  
  189  18:55  Hatchery  
  185  19:01  Hatchery  
  184  19:08  Hatchery  
  184  19:09  Drone x2  
  185  19:18  Drone  
  185  19:23  Hatchery  
  185  19:25  Spine Crawler x2  
  185  19:30  Nydus Canal  
  182  19:50  Nydus Canal  
  182  19:51  Drone  
  182  19:52  Drone x2, Hydralisk  
  181  19:54  Ultralisk x2  
  185  20:19  Nydus Canal  
  185  20:29  Ultralisk x2  
  181  20:49  Hydralisk x3  
  151  20:50  Hydralisk x2  
  151  20:51  Ultralisk x3  
  151  20:52  Drone x6  
  151  20:53  Drone x4  
  151  20:56  Nydus Canal  
  167  21:14  Hydralisk x3  
  167  21:15  Hydralisk x3  
  179  21:19  Drone  
  179  21:20  Drone x5  
  179  21:23  Spine Crawler  
  179  21:24  Spine Crawler  
  183  21:25  Spine Crawler  
  182  21:33  Zergling x4  
  182  21:34  Zergling x2  
  182  21:35  Drone x4  
  189  21:42  Extractor x2  
  189  21:45  Drone x3  
  190  21:47  Drone x2  
  190  21:48  Drone x3  
  185  22:10  Nydus Canal  
Show
View Real Time Build Order
Export as new Build Order

Massa Terran - Winner!

Build Orders:  

Get SALT Encoding   

  12  0:02  SCV  
  13  0:14  SCV  
  14  0:17  Supply Depot  
  14  0:26  SCV  
  15  0:38  SCV  
  15  0:39  Barracks  
  16  0:48  Refinery  
  16  0:50  SCV  
  17  1:02  SCV  
  18  1:13  Supply Depot  
  18  1:15  SCV  
  19  1:25  Refinery  
  19  1:27  SCV  
  20  1:39  SCV  
  21  1:41  Reaper  
  22  1:52  Command Center  
  22  1:59  Orbital Command  
  22  2:11  Factory  
  22  2:28  SCV  
  23  2:40  SCV  
  23  2:43  Barracks  
  24  2:45  Barracks Reactor  
  24  2:59  Hellion  
  24  3:00  Starport  
  24  3:02  SCV  
  24  3:04  SCV  
  28  3:20  Hellion  
  30  3:36  Orbital Command  
  30  3:38  Medivac  
  30  3:40  Marine x2  
  34  3:42  Hellion  
  34  3:46  SCV  
  37  3:51  Barracks  
  37  3:58  SCV, Marine x2  
  40  4:03  Widow Mine  
  40  4:08  Liberator  
  45  4:10  SCV  
  46  4:18  Supply Depot  
  46  4:20  Supply Depot  
  46  4:22  Barracks Tech Lab, Engineering Bay  
  46  4:39  SCV x2, Marine x2  
  46  4:40  Barracks Tech Lab  
  50  4:51  SCV x2  
  52  4:57  Marine x2  
  54  5:03  SCV  
  51  5:20  Stimpack  
  49  5:26  Marauder, Marine  
  49  5:27  Marine  
  53  5:29  Factory Tech Lab  
  53  5:38  Factory Tech Lab, Medivac  
  53  5:40  Marauder  
  58  5:42  SCV  
  58  5:43  SCV  
  58  5:44  Marine x2  
  58  5:46  Command Center  
  61  5:55  SCV  
  62  5:57  Supply Depot  
  62  5:58  Supply Depot  
  62  6:00  Missile Turret  
  62  6:04  Missile Turret  
  62  6:05  Terran Infantry Weapons Level 1, Missile Turret  
  62  6:18  Medivac  
  62  6:19  SCV, Marauder x2  
  62  6:20  Supply Depot  
  62  6:22  Missile Turret  
  69  6:27  Supply Depot  
  69  6:48  Viking  
  69  6:51  Supply Depot  
  69  6:52  SCV x2  
  73  6:54  Refinery  
  73  6:56  Refinery  
  73  6:58  Marauder, Marine x2  
  79  7:01  Marauder  
  79  7:04  SCV  
  79  7:06  Engineering Bay  
  80  7:16  Marine  
  80  7:18  Viking  
  80  7:20  Marauder  
  85  7:22  Marauder  
  83  7:41  Marauder  
  77  7:46  Marauder, Marine x2  
  64  7:55  Siege Tank  
  67  7:59  Liberator  
  67  8:02  Marauder  
  67  8:04  Marine x2  
  74  8:08  Marauder  
  74  8:11  Terran Infantry Armor Level 1  
  76  8:17  Armory  
  76  8:22  Marine x2  
  76  8:24  Marauder  
  77  8:27  Siege Tank  
  77  8:29  Marauder  
  82  8:40  Marine x2  
  84  8:45  Marine  
  85  8:51  Marauder  
  87  8:57  Marine, Viking  
  87  8:58  Marine  
  91  9:02  Marine  
  89  9:12  Marauder  
  89  9:15  Marine x2  
  89  9:16  Siege Tank  
  88  9:21  SCV, Marauder  
  91  9:27  Viking  
  93  9:33  SCV, Marauder, Marine x2  
  98  9:42  Marauder  
  100  9:46  SCV  
  100  9:48  Siege Tank  
  100  9:51  Marine  
  105  9:55  Marauder  
  105  9:57  Viking  
  105  9:58  SCV  
  110  10:04  Marauder  
  112  10:10  SCV  
  112  10:22  Marauder, Marine x2  
  112  10:28  Barracks  
  116  10:31  Missile Turret  
  116  10:36  Marauder  
  116  10:40  Marine x2  
  113  10:49  Missile Turret  
  91  10:57  Marauder  
  91  10:58  Marine x2  
  78  11:04  SCV  
  78  11:05  SCV x2  
  77  11:15  Marine  
  77  11:16  Marine  
  77  11:17  SCV x3  
  82  11:19  Marauder  
  82  11:25  Barracks  
  84  11:26  Command Center  
  84  11:29  SCV x2  
  87  11:36  Planetary Fortress  
  86  11:40  Marauder  
  86  11:41  SCV x2  
  86  11:45  Barracks  
  90  11:50  Barracks  
  90  11:53  SCV x2  
  92  12:01  Marauder, Missile Turret  
  94  12:11  Medivac  
  96  12:23  Missile Turret  
  96  12:41  Medivac  
  96  12:43  Missile Turret  
  98  13:10  Barracks Reactor, Barracks Tech Lab, Medivac  
  100  13:14  Marauder, Marine  
  100  13:15  Marauder, Marine  
  100  13:19  Barracks Reactor  
  101  13:27  Concussive Shells  
  101  13:29  Siege Tank  
  101  13:32  Marine  
  101  13:33  Marine  
  106  13:36  Marauder  
  106  13:40  Medivac  
  59  13:50  Marine  
  59  13:51  Marine  
  59  13:53  SCV  
  59  13:55  SCV  
  51  13:57  Marauder  
  51  14:02  Siege Tank  
  54  14:05  SCV  
  54  14:07  SCV  
  54  14:08  Marine  
  54  14:09  Marine  
  49  14:18  SCV, Marauder  
  49  14:19  SCV  
  49  14:20  Terran Infantry Armor Level 2  
  49  14:21  Terran Infantry Weapons Level 2  
  49  14:23  Terran Vehicle Weapons Level 1  
  51  14:26  Marine x2  
  51  14:30  SCV  
  55  14:31  SCV  
  55  14:34  Siege Tank  
  56  14:40  Marauder  
  56  14:42  SCV  
  56  14:43  SCV  
  56  14:44  Marine x2  
  62  14:48  Command Center  
  59  14:54  SCV  
  59  14:55  SCV  
  61  15:01  Marauder, Marine  
  61  15:02  Marine  
  61  15:04  Medivac  
  61  15:06  SCV, Siege Tank  
  71  15:07  SCV  
  71  15:19  SCV, Marine  
  74  15:23  Marauder  
  71  15:31  SCV  
  71  15:34  Medivac  
  69  15:39  SCV  
  66  15:44  Marauder  
  68  15:51  SCV  
  68  15:53  Command Center  
  69  16:03  SCV, Supply Depot  
  69  16:04  Supply Depot  
  69  16:05  Supply Depot  
  69  16:06  Planetary Fortress  
  61  16:15  SCV  
  62  16:24  Marauder, Marine x2  
  66  16:27  SCV  
  67  16:33  Missile Turret  
  67  16:35  Missile Turret  
  67  16:41  Marine  
  67  16:42  Marine  
  67  16:45  Marauder  
  60  17:12  Orbital Command  
  60  17:17  Refinery  
  60  17:18  Refinery  
  60  17:21  Combat Shield  
  60  17:40  SCV  
  59  18:06  Marauder, Marine x2  
  63  18:24  Marine x2  
  65  18:27  Marauder  
  63  18:42  Marine x2  
  65  18:49  Marauder  
  67  19:10  Marauder, Marine  
  67  19:11  Marine  
  67  19:12  Command Center  
  71  19:26  Missile Turret  
  71  19:28  Marine x2  
  73  19:32  Marauder  
  75  19:50  Sensor Tower  
  75  19:53  Marauder  
  59  20:28  Marine x2  
  59  20:29  Marauder  
  59  20:34  Planetary Fortress  
  63  20:37  SCV x2  
  65  20:46  Marine x2  
  65  20:49  Marine  
  68  21:05  Marine x2  
  68  21:08  Marauder  
  72  21:23  Marine  
  73  21:29  Marauder  
  75  21:43  Refinery  
  75  21:44  Refinery, Marine x2  
  75  21:51  Marauder  
  71  22:02  Marine x2  
  71  22:12  Marauder  
  73  22:20  Marine x2  
  78  22:27  Barracks  
  78  22:30  Barracks  
Show
View Real Time Build Order
Export as new Build Order

Talbotstraat Terran 

Build Orders: Reaper Expand 

Get SALT Encoding   

  12  0:00  SCV  
  13  0:13  SCV  
  14  0:17  Supply Depot  
  14  0:26  SCV  
  15  0:43  Barracks  
  15  0:44  Refinery, SCV  
  16  0:56  SCV  
  17  1:09  SCV  
  18  1:21  SCV  
  19  1:31  Reaper  
  20  1:34  Orbital Command  
  20  1:47  Command Center  
  20  2:03  SCV  
  20  2:14  Marine  
  21  2:17  SCV  
  22  2:29  SCV  
  23  2:37  Supply Depot  
  23  2:40  Barracks Reactor  
  23  2:42  Factory  
  23  2:50  Refinery  
  23  2:58  SCV  
  24  3:09  Command Center  
  24  3:10  SCV  
  25  3:19  Orbital Command  
  25  3:21  Marine x2  
  25  3:23  SCV  
  28  3:34  Factory Tech Lab  
  28  3:35  SCV  
  28  3:38  Starport  
  29  3:47  SCV x2, Marine x2  
  33  3:56  Siege Tank  
  33  3:59  SCV x2  
  38  4:08  Barracks  
  38  4:09  Barracks, Marine  
  39  4:11  SCV  
  39  4:13  SCV  
  41  4:17  Supply Depot  
  41  4:24  Supply Depot  
  41  4:25  SCV  
  42  4:34  Orbital Command  
  42  4:37  Liberator  
  45  4:41  SCV x2  
  45  4:44  Orbital Command  
  47  4:47  Siege Tank  
  50  4:59  Barracks Reactor  
  50  5:00  Barracks Reactor  
  50  5:05  Marine x2  
  51  5:18  Orbital Command  
  50  5:22  Marine  
  50  5:24  SCV  
  52  5:40  Orbital Command  
  52  5:47  SCV  
  52  5:48  SCV  
  52  5:49  Marine x3  
  56  5:50  Marine  
  56  5:51  Marine x2  
  60  6:07  Marine x2  
  62  6:22  SCV, Barracks  
  62  6:23  SCV  
  62  6:25  Marine x2  
  62  6:26  SCV  
  65  6:35  SCV x2  
  65  6:37  Refinery  
  65  6:39  Refinery, SCV, Marine  
  68  6:40  Starport Reactor  
  68  6:41  Marine  
  68  6:43  Marine x2  
  73  6:47  SCV x2  
  73  6:51  SCV  
  75  6:57  Marine  
  75  6:59  SCV, Supply Depot  
  77  7:10  Orbital Command  
  77  7:20  SCV x2, Marine x2, Siege Tank  
  77  7:21  Marine  
  85  7:25  Barracks Reactor  
  85  7:26  Barracks Tech Lab  
  85  7:30  Supply Depot  
  85  7:33  Marine  
  85  7:34  SCV x2, Viking  
  85  7:35  Viking  
  79  7:46  Marine  
  79  7:47  Marine x4  
  79  7:51  Marine, Stimpack  
  84  7:52  Siege Tank  
  84  8:04  Viking  
  86  8:05  Marine  
  86  8:06  Marauder, Marine x4  
  93  8:15  Supply Depot  
  93  8:19  Supply Depot  
  93  8:26  SCV  
  93  8:33  Supply Depot  
  93  8:34  Supply Depot  
  93  8:36  SCV, Marauder, Siege Tank, Marine x2, Supply Depot  
  93  8:38  SCV x2, Marine x3  
  89  8:48  SCV  
  89  8:50  SCV  
  89  8:51  SCV  
  89  8:53  Marine  
  89  8:54  Marine x2, Medivac  
  89  8:55  Marine x2, Medivac  
  99  8:58  Marauder  
  99  9:00  SCV  
  99  9:02  SCV  
  105  9:03  SCV  
  105  9:07  Supply Depot  
  105  9:08  Siege Tank, Supply Depot  
  109  9:12  SCV  
  109  9:14  SCV  
  109  9:15  SCV  
  109  9:17  Barracks  
  112  9:19  Marine x3  
  112  9:20  Marauder  
  112  9:21  Barracks  
  117  9:24  Medivac  
  117  9:25  SCV, Medivac  
  117  9:26  SCV  
  117  9:27  SCV, Marine x3  
  127  9:37  SCV, Marine x3  
  131  9:38  SCV  
  131  9:39  SCV  
  131  9:40  Siege Tank  
  131  9:42  Marauder  
  131  9:44  Marine x2  
  131  9:45  Marine  
  141  9:49  SCV  
  142  9:54  Medivac  
  142  9:55  Marine x3, Medivac  
  142  9:57  Refinery x2  
  149  10:06  Supply Depot  
  149  10:07  Supply Depot x2  
  149  10:11  Supply Depot x2  
  149  10:27  SCV, Marine x2, Siege Tank  
  149  10:28  Marauder, Medivac x2  
  155  10:45  Command Center  
  155  10:48  Marine x4  
  155  10:49  Marauder, Marine x2  
  161  10:56  Concussive Shells  
  159  10:57  Barracks Reactor  
  145  11:06  Marine x5  
  145  11:07  Marine  
  145  11:10  Marauder  
  143  11:14  Siege Tank  
  143  11:17  SCV  
  143  11:18  SCV x2  
  134  11:24  Marine x2, Command Center  
  136  11:26  Marine x3  
  136  11:27  Marine  
  136  11:29  SCV  
  136  11:30  SCV x2, Barracks  
  136  11:31  Barracks  
  136  11:32  Marauder  
  145  11:42  SCV x3, Marine x3  
  145  11:46  Siege Tank  
  154  11:48  Engineering Bay  
  154  11:49  Engineering Bay  
  154  11:53  Marauder  
  154  11:54  SCV  
  151  12:03  Marine x3  
  151  12:04  Marine  
  151  12:05  Medivac  
  151  12:06  Medivac  
  156  12:08  SCV  
  156  12:09  SCV  
  156  12:14  Marauder  
  159  12:16  Marine x2  
  159  12:17  Marine x2  
  159  12:19  Barracks Tech Lab, Siege Tank  
  159  12:20  Barracks Tech Lab  
  159  12:21  Marine x4  
  170  12:26  Orbital Command  
  170  12:29  Factory  
  170  12:32  Terran Infantry Weapons Level 1  
  170  12:33  Terran Infantry Armor Level 1  
  170  12:34  Marine x3  
  170  12:35  Marine, Medivac  
  170  12:36  Marauder, Medivac  
  180  12:39  Marine x2  
  182  12:51  Siege Tank  
  185  12:52  Marine x2  
  185  12:53  Marauder x2, Marine x2  
  185  12:57  Marauder  
  193  13:10  Marine  
  193  13:11  Marine x6  
  199  13:23  Siege Tank  
  199  13:25  Marine x2  
  199  13:26  Marauder x2  
  199  13:32  Supply Depot  
  199  13:33  Supply Depot  
  191  13:35  Supply Depot  
  185  13:46  Marine  
  174  13:54  Marauder, Marine x6  
  174  13:55  Marauder, Marine x2, Siege Tank  
  187  14:04  Marine  
  188  14:12  Marauder, Marine x7  
  188  14:15  Marine  
  188  14:17  Marauder  
  178  14:22  Marine  
  177  14:27  Siege Tank  
  177  14:29  Marine x5  
  177  14:30  Marine x2  
  176  14:33  Marine  
  176  14:34  Marauder  
  176  14:37  Marine  
  180  14:39  Marine  
  180  14:44  Command Center  
  181  14:47  Marine x5  
  181  14:48  Marine  
  181  14:51  Marauder  
  183  14:53  Medivac x2  
  183  14:55  Marauder  
  183  14:59  Siege Tank  
  166  15:18  Marauder, Marine x2  
  153  15:23  Medivac x2  
  153  15:25  Marauder, Marine x4  
  153  15:26  Marine x3  
  146  15:31  Siege Tank  
  143  15:36  Marine x2  
  143  15:39  SCV x2  
  143  15:40  Marauder  
  149  15:43  Marine x3  
  149  15:44  Marauder  
  154  15:53  Medivac  
  156  15:57  Marauder, Marine x5  
  156  16:03  Siege Tank  
  166  16:05  Marine  
  166  16:09  Orbital Command  
  163  16:26  Command Center  
  163  16:29  SCV  
  163  16:30  Refinery, SCV  
  163  16:31  Refinery  
  155  16:54  Marauder x2  
  155  16:55  Marauder, Marine x5  
  155  16:56  Marine  
  155  16:57  Medivac, Siege Tank  
  172  17:08  Medivac  
  174  17:16  Marauder x2  
  174  17:22  Marine x2  
  180  17:23  Marauder, Marine x6  
  180  17:28  Medivac  
  180  17:29  Siege Tank  
  193  17:37  Marauder, Marine  
  193  17:40  SCV x2  
  195  18:01  Siege Tank  
  155  18:18  SCV  
  155  18:19  Marauder, Marine x6  
  158  18:20  Marine x2  
  158  18:25  Medivac x2  
  154  18:33  SCV x3, Siege Tank  
  138  18:44  Marauder x2  
  138  18:45  SCV x2, Marauder, Marine x4  
  138  18:48  SCV  
  151  18:55  Medivac  
  153  18:57  SCV, Sensor Tower  
  154  19:05  Marauder  
  154  19:06  Marauder  
  158  19:14  Marine x2  
  158  19:15  Marauder, Marine x2  
  164  19:27  Marauder x2  
  168  19:34  Marine x4  
  168  19:35  Marine x2  
  168  19:36  Marauder  
  175  19:48  Marauder x2  
  178  19:58  Marauder, Marine  
  163  20:09  Marine  
  163  20:10  Marauder x2  
  144  20:19  Marauder  
  146  20:24  Marine  
  145  20:31  Marauder x2  
  146  20:45  Marauder, Marine x3  
  143  21:20  Marauder, Marine x5  
  150  21:28  Marauder  
  140  22:15  Marauder, Marine x2  
Show
View Real Time Build Order
Export as new Build Order

bigdaddy Protoss 

Build Orders: 1 Gate Expand 

Get SALT Encoding   

  12  0:00  Probe  
  13  0:14  Pylon  
  13  0:18  Probe  
  14  0:35  Gateway  
  14  0:36  Probe (Chrono Boost)  
  15  0:48  Probe (Chrono Boost)  
  16  0:55  Probe (Chrono Boost), Assimilator  
  17  1:02  Probe  
  18  1:22  Nexus  
  18  1:24  Probe  
  19  1:49  Probe  
  19  1:50  Cybernetics Core  
  19  1:52  Zealot  
  22  2:01  Probe  
  22  2:05  Pylon  
  23  2:12  Pylon  
  23  2:17  Assimilator  
  23  2:23  Probe  
  23  2:27  Gateway  
  24  2:35  Probe  
  25  2:38  Probe  
  26  2:50  Probe  
  27  2:52  Stargate  
  27  2:53  Zealot  
  27  2:57  Gateway  
  29  2:59  Probe  
  29  3:04  Probe  
  31  3:17  Probe x2  
  33  3:23  Stargate  
  33  3:28  Void Ray (Chrono Boost)  
  33  3:29  Stalker  
  39  3:44  Stalker  
  39  3:47  Probe x2  
  43  3:59  Probe x2  
  45  4:05  Void Ray (Chrono Boost)  
  45  4:11  Probe  
  50  4:19  Warp Gate (Chrono Boost)  
  50  4:24  Probe x2  
  50  4:28  Assimilator  
  52  5:25  Pylon  
  52  5:26  Stalker  
  54  5:36  Pylon  
  54  5:37  Void Ray (Chrono Boost)  
  54  5:43  Probe x2, Stalker  
  54  5:44  Assimilator  
  62  5:50  Pylon  
  62  5:52  Pylon  
  62  5:55  Probe x2  
  64  6:00  Shield Battery  
  64  6:03  Shield Battery  
  64  6:07  Probe x2, Shield Battery  
  64  6:08  Void Ray (Chrono Boost)  
  66  6:13  Shield Battery  
  70  6:20  Stargate  
  70  6:34  Stalker x3  
  70  6:36  Void Ray  
  80  7:18  Void Ray (Chrono Boost)  
  80  7:24  Void Ray (Chrono Boost)  
  84  7:34  Pylon  
  73  7:53  Void Ray (Chrono Boost)  
  73  7:54  Void Ray (Chrono Boost)  
  71  8:01  Probe x2  
  81  8:10  Gateway  
  81  8:13  Probe  
  81  8:14  Probe  
  83  8:26  Probe x2  
  85  8:38  Probe  
  86  8:43  Pylon  
  86  8:45  Pylon  
  86  8:55  Void Ray (Chrono Boost)  
  86  8:56  Pylon, Void Ray (Chrono Boost)  
  86  8:58  Pylon  
  86  9:00  Pylon  
  94  9:03  Probe  
  93  9:22  Nexus  
  93  9:31  Nexus, Stalker x3  
  56  10:12  Stalker  
  56  10:13  Stalker  
  56  10:14  Stalker  
  54  10:25  Probe x2  
  56  10:28  Pylon  
  56  10:30  Pylon  
  56  10:37  Probe  
  56  10:38  Probe, Stalker x3  
  56  10:41  Probe  
  65  10:43  Pylon  
  65  10:48  Gateway  
  66  10:50  Probe x2  
  66  10:51  Twilight Council  
  66  10:52  Gateway  
  66  10:53  Probe  
  66  10:56  Gateway  
  68  11:02  Probe x2  
  68  11:04  Gateway  
  70  11:05  Probe, Gateway  
  71  11:13  Gateway  
  71  11:14  Probe x2, Gateway  
  71  11:15  Gateway  
  71  11:17  Probe  
  74  11:21  Assimilator  
  74  11:24  Charge (Chrono Boost)  
  74  11:26  Probe x2  
  74  11:27  Zealot x3  
  74  11:29  Probe  
  83  11:35  Dark Shrine  
  83  11:38  Probe x2  
  85  11:41  Probe  
  86  11:47  Stalker x2  
  86  11:48  Stalker x3  
  86  11:50  Probe  
  97  12:01  Probe x2  
  98  12:02  Probe  
  98  12:03  Assimilator  
  98  12:13  Probe x2  
  99  12:25  Probe, Pylon  
  100  12:30  Zealot x6  
  100  12:31  Zealot x5  
  101  12:37  Probe  
  100  12:49  Probe  
  100  12:51  Blink  
  99  12:59  Stalker x3  
  99  13:00  Stalker x5  
  99  13:01  Probe, Stalker  
  117  13:13  Probe x3  
  109  13:25  Probe x3, Zealot x5  
  109  13:26  Zealot x3  
  120  13:28  Gateway  
  120  13:31  Gateway  
  120  13:34  Gateway  
  114  13:35  Pylon  
  114  13:37  Probe  
  114  13:38  Probe x2  
  117  13:50  Probe x3  
  118  14:02  Probe x3  
  107  14:14  Probe x2  
  107  14:15  Zealot  
  107  14:16  Zealot x6  
  107  14:17  Zealot  
  126  14:38  Probe x3  
  126  14:41  Assimilator  
  128  14:48  Nexus  
  128  14:50  Probe x2  
  128  14:51  Probe  
  111  15:02  Probe  
  111  15:03  Probe  
  109  15:12  Zealot  
  109  15:13  Zealot x5  
  109  15:14  Zealot x3  
  125  15:20  Assimilator  
  127  15:24  Pylon  
  127  15:35  Stalker  
  127  15:36  Stalker x2  
  127  15:40  Pylon  
  133  16:04  Stalker x4  
  134  16:05  Stalker x2  
  132  16:39  Nexus  
  86  17:12  Stalker x2  
  86  17:13  Stalker x4  
  86  17:14  Stalker x4  
  86  17:15  Stalker  
  104  17:37  Zealot x3  
  104  17:38  Zealot x4  
  104  17:39  Zealot  
  118  17:54  Stalker x3  
  122  18:04  Zealot x3  
  122  18:05  Zealot  
  130  18:15  Assimilator  
  130  18:18  Assimilator  
  130  18:32  Stalker  
  130  18:33  Stalker x4  
  140  18:34  Stalker x3  
  140  18:35  Stalker  
  148  18:55  Zealot x2  
  150  18:56  Zealot x3  
  136  19:05  Zealot x2  
  136  19:06  Zealot x4  
  134  19:25  Zealot x3  
  134  19:27  Zealot  
  142  19:32  Nexus  
  140  19:46  Stalker x5  
  140  19:47  Stalker  
  140  20:10  Stalker  
  140  20:13  Stalker x2  
  140  20:14  Stalker x4  
  71  21:03  Probe  
  71  21:04  Probe x3  
  73  21:16  Probe (Chrono Boost)  
  75  21:21  Probe x2 (Chrono Boost)  
  75  21:22  Probe (Chrono Boost)  
  75  21:25  Probe (Chrono Boost)  
  70  21:29  Probe (Chrono Boost)  
  70  21:31  Probe x2 (Chrono Boost)  
  74  21:34  Probe (Chrono Boost)  
  75  21:40  Probe (Chrono Boost)  
  75  21:44  Probe x2 (Chrono Boost)  
  75  21:45  Probe x2 (Chrono Boost)  
  80  21:54  Probe  
  80  22:00  Stalker x3  
  83  22:01  Stalker  
  41  22:36  Zealot x3  
  41  22:37  Zealot x3  
Tags
 
Add a new tag
Caveats
  • Supply blocks, unpowered buildings, or Contaminate may cause inaccurate times.
  • Supply counts are checked every 10 seconds.